 Dungeon Crawl Stone Soup version 0.32-a0-422-g28b100f618 (webtiles) character file.

Game seed: 17690013911427079956

163566 Sobieck the Immaculate (level 17, -2/150 HPs)
             Began as a Mountain Dwarf Fighter on Feb 21, 2024.
             Was a High Priest of Zin.
             Slain by a tentacle (17 damage)
             ... attached to a kraken
             ... while paralysed by a formless jellyfish
             ... on level 4 of the Shoals.
             The game lasted 01:10:58 (28062 turns).

Sobieck the Immaculate (Mountain Dwarf Fighter)    Turns: 28062, Time: 01:10:58

Health: -2/150     AC: 28    Str: 33    XL:     17   Next: 24%
Magic:  30/30      EV: -1    Int: 11    God:    Zin [*****.]
Gold:   293        SH:  0    Dex: 21    Spells: 16/16 levels left

rFire   + . .        f - +4 broad axe (freeze)
rCold   . . .        K - +18 shield of the Gong {Loud rN+ Will+ rCorr EV-5}
rNeg    + + .        u - +5 scale mail "Ucepurr" {Will+}
rPois   .            A - +1 helmet
rElec   .            U - +1 cloak
rCorr   +            O - +5 pair of gloves "Jotaclaq" {rN+ Regen+ Dex+4 Stlth-}
SInv    +            o - +0 pair of boots {Stlth+}
Will    +++..        w - amulet of Miecea {Reflect rF+ Str+2 Dex+2 SH+5 SInv} Stlth
                     C - +6 ring of dexterity
HPRegen 1.25/turn    d - +6 ring of strength
MPRegen 0.22/turn

%: reflection
@: paralysed, lethally poisoned (-2 -> -13), about to teleport, on recite
cooldown, constricted, very slow
A: runic magic, artefact enchanting
a: Renounce Religion, Recite, Vitalisation, Imprison, Sanctuary, Donate Gold


You were on level 4 of the Shoals.
You worshipped Zin.
Zin was extremely pleased with you.
You visited 4 branches of the dungeon, and saw 26 of its levels.

You collected 2778 gold pieces.
You spent 2240 gold pieces at shops.
You donated 245 gold pieces to Zin.

Inventory:

Hand Weapons
 b - a +0 broad axe of flaming
 f - a +4 broad axe of freezing (weapon)
Missiles
 k - 68 poisoned darts
 t - 46 boomerangs
 v - 15 javelins
 x - 2 silver javelins
 F - 15 curare-tipped darts
 Z - 3 throwing nets
Armour
 o - a +0 pair of boots of stealth (worn)
 u - the +5 scale mail "Ucepurr" (worn) {Will+}
   (You bought it in a shop on level 2 of the Orcish Mines)

   Will+:     It increases your willpower.
 A - a +1 helmet (worn)
 K - the +18 shield of the Gong (worn) {Loud rN+ Will+ rCorr EV-5}
   (You found it on level 9 of the Dungeon)

   Loud:      It is deafeningly noisy when blocking attacks.
   EV-5:      It affects your evasion (-5).
   rN+:       It protects you from negative energy.
   Will+:     It increases your willpower.
   rCorr:     It protects you from acid and corrosion.
 O - the +5 pair of gloves "Jotaclaq" (worn) {rN+ Regen+ Dex+4 Stlth-}
   (You found it on level 5 of the Lair of Beasts)

   Dex+4:     It affects your dexterity (+4).
   rN+:       It protects you from negative energy.
   Regen+:    It increases your rate of health regeneration.
   Stlth-:    It makes you less stealthy.
 U - a +1 cloak (worn)
Jewellery
 d - a +6 ring of strength (right hand)
 g - a ring of resist corrosion
 i - a ring of fire
 s - a ring of see invisible
 w - the amulet of Miecea (around neck) {Reflect rF+ Str+2 Dex+2 SH+5 SInv}
   (You bought it in a shop on level 2 of the Orcish Mines)

   [amulet of reflection]

   Reflect:   It reflects blocked missile attacks.
   Str+2:     It affects your strength (+2).
   Dex+2:     It affects your dexterity (+2).
   rF+:       It protects you from fire.
   SInv:      It lets you see invisible.
   SH+5:      It affects your SH (+5).
 B - a ring of ice
 C - a +6 ring of dexterity (left hand)
 L - a ring of wizardry
Wands
 j - a wand of acid (11)
 y - a wand of mindburst (6)
 D - a wand of digging (3)
 I - a wand of iceblast (6)
 P - a wand of paralysis (22)
Scrolls
 a - a scroll of silence {!r}
 c - a scroll of summoning
 l - 5 scrolls of noise
 p - 4 scrolls of fear
 E - 2 scrolls of fog
 M - 2 scrolls of poison
 N - 2 scrolls of blinking
 R - 7 scrolls of identify
 S - 2 scrolls of immolation
 T - 5 scrolls of teleportation
 Y - a scroll of vulnerability
Potions
 e - 7 potions of ambrosia
 h - 2 potions of berserk rage
 m - a potion of invisibility
 n - a potion of attraction
 q - 2 potions of cancellation
 r - 9 potions of mutation
 z - 2 potions of resistance
 G - 3 potions of brilliance
 H - a potion of haste
 J - a potion of magic
 Q - 5 potions of curing
 V - a potion of heal wounds
 W - 2 potions of might
 X - 3 potions of enlightenment


   Skills:
 + Level 13.2 Fighting
 - Level 18.0 Axes
 + Level 15.0 Armour
 - Level 12.0 Dodging
 + Level 11.4 Shields
 + Level 19.0 Invocations
 + Level 5.6 Evocations


You had 16 spell levels left.
You didn't know any spells.
Your spell library contained the following spells:

 Spells                   Type           Power      Damage    Failure   Level
 Apportation              Tloc           0%         N/A       50%         1
 Magic Dart               Conj           0%         1d3       50%         1
 Necrotise                Necr           0%         1d4       50%         1
 Sandblast                Erth           0%         2d4       50%         1
 Sting                    Conj/Alch      0%         1d3       50%         1
 Summon Small Mammal      Summ           0%         N/A       50%         1
 Blink                    Tloc           0%         N/A       65%         2
 Call Imp                 Summ           0%         N/A       65%         2
 Ensorcelled Hibernation  Hex/Ice        0%         N/A       65%         2
 Jinxbite                 Hex            0%         N/A       65%         2
 Searing Ray              Conj           0%         2d4       65%         2
 Sublimation of Blood     Necr           0%         N/A       65%         2
 Call Canine Familiar     Summ           0%         N/A       86%         3
 Confusing Touch          Hex            0%         N/A       86%         3
 Dazzling Flash           Conj/Hex       0%         N/A       86%         3
 Fugue of the Fallen      Necr           0%         N/A       86%         3
 Inner Flame              Hex/Fire       0%         N/A       86%         3
 Passwall                 Erth           0%         N/A       86%         3
 Stone Arrow              Conj/Erth      0%         3d7       86%         3
 Swiftness                Air            0%         N/A       86%         3
 Tukima's Dance           Hex            0%         N/A       86%         3
 Volatile Blastmotes      Fire/Tloc      0%         2d10      86%         3
 Animate Armour           Summ/Erth      0%         N/A       99%         4
 Animate Dead             Necr           0%         N/A       99%         4
 Brom's Barrelling Bould  Conj/Erth      0%         2d3       99%         4
 Passage of Golubria      Tloc           0%         N/A       99%         4
 Summon Blazeheart Golem  Fire/Summ      0%         N/A       99%         4
 Irradiate                Conj/Alch      0%         3d11      100%        5
 Silence                  Hex/Air        0%         N/A       100%        5
 Yara's Violent Unravell  Hex/Alch       0%         3d3       100%        5
 Death Channel            Necr           0%         N/A       100%        6
 Starburst                Conj/Fire      0%         6d3       100%        6
 Enfeeble                 Hex            0%         N/A       100%        7
 Haunt                    Necr/Summ      0%         N/A       100%        7
 Summon Hydra             Summ           0%         N/A       100%        7
 Ignition                 Fire           0%         3d3       100%        8
 Lehudib's Crystal Spear  Conj/Erth      0%         10d2      100%        8
 Maxwell's Capacitive Co  Air            0%         ∞         100%        8


Dungeon Overview and Level Annotations

Branches:
Dungeon (15/15)            Temple (0/1) D:5            Lair (5/5) D:9
 Shoals (4/4) Lair:2       Spider (0/4) Lair:3        Slime (0/5) Lair:5
    Orc (2/2) D:11            Elf (0/3) Orc:2        Vaults (0/5) D:13
 Depths (0/4) D:15

Altars:
Ashenzari
Dithmenos
Elyvilon
Fedhas
Gozag
Hepliaklqana
Kikubaaqudgha
Okawaru
Ru
Uskayaw
Vehumet
Xom
Zin
The Shining One
Beogh
Jiyva
Lugonu

Shops:
D:6 :   D:11 ?   D:14 *   Orc:2 =[?(   Shoals:1 (   Shoals:3 (

Portals:
Abyss: Shoals:3

Annotations:
D:3 exclusion: statue
D:5 shatter vault
D:9 2 transporters
Lair:5 exclusion: obsidian statue
Shoals:3 1 runed translucent door


Innate Abilities, Weirdness & Mutations

Your spellcasting is much less encumbered by armour.
You can use scrolls of enchantment on lesser artefacts.


Message History

Your unstable footing causes you to fumble your attack.
You block the tentacle's attack.
BOUMMMMG!
You block the tentacle's attack.
PTOANNNG!
You block the tentacle's attack.
GONNNNG!
The merfolk hits you from afar with a +0 halberd.
The tentacle slaps you.
The merfolk impaler hits you from afar with a +1 trident of freezing!
* * * LOW HITPOINT WARNING * * *
The merfolk impaler freezes you.
* * * LOW HITPOINT WARNING * * *
The sea snake bites you but does no damage.
The merfolk hits you but does no damage.
The merfolk avatar chants a haunting song.
You resist with almost no effort.
You hear a shout!
You hear an angry hiss.
Unknown command.
Unknown command.
Unknown command.
As you read the scroll of teleportation, it crumbles to dust.
You feel strangely unstable. You block the tentacle's attack.
GONNNNG!
The tentacle slaps you but does no damage.
You block the tentacle's attack.
GONNNNG!
You block the tentacle's attack.
SHROANNG!
The formless jellyfish stings you!!
* * * LOW HITPOINT WARNING * * *
You suddenly lose the ability to move!
You are poisoned.
The formless jellyfish poisons you! The formless jellyfish constricts you.
* * * LOW HITPOINT WARNING * * *
The water nymph touches you. The water nymph drowns you!
* * * LOW HITPOINT WARNING * * *
The merfolk impaler hits you from afar with a +1 trident of freezing!
* * * LOW HITPOINT WARNING * * *
The merfolk impaler freezes you.
* * * LOW HITPOINT WARNING * * *
The tentacle slaps you but does no damage.
The merfolk hits you but does no damage.
The merfolk javelineer is lost in a daze.
The sea snake bites you!
* * * LOW HITPOINT WARNING * * *
The tentacle slaps you!!
* * * LOW HITPOINT WARNING * * *
The tentacle slaps you!
You die...

....~~~..?H....
.....m.A~.........
.~.....m~~m....m..
~....##.P~<.Jm#
≈≈~...##m....## .~
≈≈≈≈~~.####### .~~≈
≈≈≈≈≈mΛ#######~.≈≈≈
.~≈≈≈│Swwtk.~~~≈≈≈≈ ~~~~
~..~wXJ@m\mm~~C≈≈≈~ .~.~
..~~wmww~m│m~m~≈m~~mkt~~
.....~│##m│m##.~~~~.~m~~
..##..│ #─X~# ...##m~m~~
. ###. ~≈w≈~.,###~~~k~~
##~~≈≈m..##..~~~t..
#~.≈≈≈m.#)<).[.m..
#~~≈≈≈~.#÷÷[...k..
#.........


You could see 2 krakens, an alligator snapping turtle, a formless jellyfish, a
merfolk avatar, 4 merfolk impalers, a merfolk javelineer (dazed), a sea snake, a
wind drake (repels missiles), 5 merfolk, a cyclops (confused), 7 tentacles and a
water nymph (confused).

Vanquished Creatures
  A kraken (Shoals:3)
  An angel (Shoals:3)
  An orc warlord (D:11)
  Nessos (D:15)
  3 dire elephants
  An ettin (Orc:1)
  Snorg (Lair:4)
  4 merfolk javelineers (Shoals:3)
  11 merfolk impalers
  A merfolk avatar (Shoals:1)
  8 vault guards (D:13)
  2 hydras
  A boulder beetle (D:15)
  5 ogre magi
  2 catoblepae
  9 centaur warriors
  6 merfolk aquamancers
  2 tengu warriors
  11 two-headed ogres
  3 satyrs
  4 death yaks
  A deep troll earth mage (D:15)
  A spectral dire elephant (Lair:5)
  Sonja (Lair:2)
  A spectral anaconda (Lair:5)
  12 sea snakes
  2 spectral death yaks (Lair:5)
  6 skysharks
  2 cherubim (Shoals:3)
  8 harpies
  4 necromancers (Lair:5)
  5 orc knights
  7 ugly things
  11 orc sorcerers
  16 fauns
  4 oklob plants
  7 cyclopes
  2 deep elf pyromancers
  17 manticores
  9 merfolk sirens
  2 apocalypse crabs (Shoals:3)
  A dire elephant zombie (Lair:5)
  2 vault sentinels (D:9)
  7 black mambas
  3 water nymphs
  26 elephants
  17 cane toads
  2 gargoyles
  A dire elephant skeleton (Lair:5)
  4 rime drakes
  4 unseen horrors
  13 komodo dragons
  A queen bee (shapeshifter) (D:15)
  A queen bee (D:9)
  6 wind drakes
  17 merfolk
  3 polar bears
  11 trolls
  11 dream sheep
  Grinder (D:3)
  A hornet (Lair:4)
  4 blink frogs (D:9)
  2 snapping turtles
  9 water elementals
  A shadow (D:12)
  61 yaks
  14 slime creatures
  3 wraiths
  Eustachio (D:4)
  7 wyverns
  A dire elephant simulacrum (Lair:5)
  3 steam dragons
  3 basilisks
  2 wargs
  A death yak simulacrum (Lair:5)
  15 vampire mosquitoes
  A spectral cane toad (Lair:5)
  18 water moccasins
  Pargi (D:3)
  An ice beast (D:6)
  3 black bears
  18 orc warriors
  14 ogres
  2 sky beasts
  5 wolves
  16 centaurs
  2 elephant skeletons (Lair:5)
  6 kobold brigands
  9 scorpions
  A gnoll sergeant (D:10)
  14 bullfrogs
  2 cane toad simulacra (Lair:5)
  8 wights (D:8)
  An elephant simulacrum (Lair:5)
  41 killer bees
  An electric eel (Lair:4)
  A bombardier beetle (D:7)
  4 crimson imps (D:8)
  4 howler monkeys
  4 hounds
  2 jellies
  A gnoll bouda (D:8)
  15 orc priests
  A sleepcap (D:7)
  3 iguanas
  34 orc wizards
  4 hell rats (Lair:3)
  10 gnolls
  7 adders
  A shadow imp (D:7)
  4 white imps
  2 dart slugs (D:1)
  6 ribbon worms
  46 orcs
  8 endoplasms
  6 giant cockroaches
  5 goblins
  9 hobgoblins
  2 jackals (D:3)
  37 kobolds
  A quokka (D:5)
  6 ball pythons
  8 bats
  A frilled lizard (D:1)
  9 rats
  7 tentacles (Shoals:3)
867 creatures vanquished.

Vanquished Creatures (others)
  A manticore (Shoals:1)
  An orc wizard (Orc:2)
  13 tentacles
15 creatures vanquished.

Grand Total: 882 creatures vanquished

Notes
Turn   | Place    | Note
-------+----------+-------------------------------------------
     0 | D:1      | Sobieck the Mountain Dwarf Fighter began the quest for the
                  | Orb.
     0 | D:1      | Reached XP level 1. HP: 19/19 MP: 1/1
    65 | D:1      | Found a faded altar of an unknown god.
    81 | D:1      | Prayed at the altar of an unknown god.
    81 | D:1      | Became a worshipper of Zin the Law-Giver
    81 | D:1      | Reached * piety under Zin
   153 | D:1      | Reached XP level 2. HP: 25/26 MP: 2/2
   313 | D:1      | Reached skill level 3 in Axes
   341 | D:1      | Reached skill level 1 in Invocations
   370 | D:1      | Reached ** piety under Zin
   446 | D:1      | Reached XP level 3. HP: 31/33 MP: 3/3
   832 | D:2      | Got the Anthology of Imprecation and Blasphemous Acts
  1057 | D:2      | Reached XP level 4. HP: 40/40 MP: 5/5
  1126 | D:2      | Reached skill level 2 in Invocations
  1312 | D:2      | Found a sacrificial altar of Ru.
  1750 | D:3      | Noticed Grinder
  1757 | D:3      | Reached XP level 5. HP: 39/47 MP: 5/7
  1961 | D:3      | Noticed Pargi
  1989 | D:3      | Killed Pargi
  1990 | D:3      | Reached skill level 3 in Invocations
  1990 | D:3      | Reached XP level 6. HP: 48/53 MP: 8/8
  2189 | D:3      | Paralysed by Grinder for 4 turns
  2201 | D:3      | Killed Grinder
  2282 | D:3      | Found a radiant altar of Vehumet.
  2762 | D:4      | Reached skill level 4 in Invocations
  2769 | D:4      | Reached XP level 7. HP: 45/61 MP: 8/10
  2875 | D:4      | Noticed Eustachio
  2894 | D:4      | Killed Eustachio
  2895 | D:4      | Reached skill level 6 in Axes
  3168 | D:4      | Reached *** piety under Zin
  3727 | D:5      | Entered Level 5 of the Dungeon
  3735 | D:5      | Reached skill level 5 in Invocations
  3863 | D:5      | Found a staircase to the Ecumenical Temple.
  3922 | D:5      | Reached XP level 8. HP: 51/70 MP: 11/11
  4014 | D:5      | Found a hide-covered altar of Uskayaw.
  4059 | D:5      | Found an opulent altar of Gozag.
  4062 | D:5      | Found an opulent altar of Gozag.
  4062 | D:5      | Found an opulent altar of Gozag.
  4074 | D:5      | Found an opulent altar of Gozag.
  4556 | D:6      | Found Ylum's Self-Published Books.
  4585 | D:6      | Reached skill level 6 in Fighting
  4585 | D:6      | Reached skill level 6 in Armour
  4738 | D:6      | Got Sif Muna's Vademecum on Battling and Unholy Arts
  4747 | D:6      | Reached **** piety under Zin
  4773 | D:6      | Reached skill level 6 in Invocations
  5208 | D:6      | Identified a scroll of acquirement
  5208 | D:6      | Acquired 700 gold pieces
  5209 | D:6      | Reached ***** piety under Zin
  5271 | D:7      | Reached skill level 9 in Axes
  5352 | D:7      | Reached XP level 9. HP: 78/78 MP: 12/14
  5429 | D:7      | Found an ancient bone altar of Kikubaaqudgha.
  5431 | D:7      | Found a glowing golden altar of the Shining One.
  5431 | D:7      | Found a blossoming altar of Fedhas.
  5752 | D:7      | Found a shadowy altar of Dithmenos.
  5752 | D:7      | Found a broken altar of Ashenzari.
  5774 | D:7      | Reached skill level 7 in Invocations
  5858 | D:7      | Found a hazy altar of Hepliaklqana.
  6287 | D:8      | Found a white marble altar of Elyvilon.
  6521 | D:8      | Reached skill level 8 in Invocations
  6541 | D:8      | HP: 4/80 [poisoned by a killer bee]
  6956 | D:8      | Found a shimmering altar of Xom.
  7301 | D:8      | Noticed a troll
  7315 | D:8      | Killed a troll
  7316 | D:8      | Reached XP level 10. HP: 72/87 MP: 16/16
  7557 | D:9      | Found a transporter.
  7564 | D:9      | Noticed a fire crab
  7906 | D:9      | Noticed a vault sentinel
  7908 | D:9      | Noticed a vault sentinel
  7919 | D:9      | Reached skill level 12 in Axes
  7952 | D:9      | Killed a vault sentinel
  7960 | D:9      | Reached skill level 9 in Fighting
  8035 | D:9      | Killed a vault sentinel
  8436 | D:9      | Reached XP level 11. HP: 44/97 MP: 17/17
  8642 | D:9      | Found the +18 shield of the Gong {Loud rN+ Will+ rCorr
                  | EV-5}
  8673 | D:9      | Found a transporter.
  8680 | D:9      | Noticed a deep elf knight
  8907 | D:9      | Found a staircase to the Lair.
  9229 | D:10     | Entered Level 10 of the Dungeon
  9296 | D:10     | Reached skill level 1 in Dodging
  9595 | D:9      | Reached skill level 9 in Invocations
  9760 | D:10     | You fall into a shaft and drop 3 floors!
  9962 | D:13     | Noticed a centaur warrior
  9974 | D:13     | Noticed a centaur warrior
  9986 | D:13     | Killed a centaur warrior
  9989 | D:13     | Killed a centaur warrior
  9994 | D:13     | Noticed a vault guard
 10239 | D:13     | Killed a vault guard
 10313 | D:13     | Reached skill level 10 in Invocations
 10324 | D:13     | Noticed a deep elf pyromancer
 10336 | D:13     | Killed a deep elf pyromancer
 10337 | D:13     | Reached skill level 15 in Axes
 10385 | D:12     | Noticed a white ugly thing
 10389 | D:12     | Noticed a two-headed ogre
 10402 | D:13     | Killed a white ugly thing
 10403 | D:13     | Reached skill level 9 in Armour
 10410 | D:13     | Noticed a vault guard
 10419 | D:13     | Killed a vault guard
 10512 | D:13     | Noticed a vault guard
 10533 | D:13     | Killed a vault guard
 10534 | D:13     | Reached XP level 12. HP: 106/106 MP: 19/19
 10564 | D:12     | Killed a two-headed ogre
 10593 | D:12     | Noticed a tengu warrior
 10648 | D:13     | Killed a tengu warrior
 10649 | D:13     | Reached skill level 11 in Invocations
 10692 | D:12     | Reached skill level 3 in Dodging
 10928 | D:11     | Found Faurr's Magic Scroll Shoppe.
 10937 | D:11     | Bought a scroll of identify for 26 gold pieces
 10937 | D:11     | Bought a scroll of brand weapon for 123 gold pieces
 10937 | D:11     | Bought a scroll of teleportation for 39 gold pieces
 10937 | D:11     | Bought a scroll of fog for 52 gold pieces
 10937 | D:11     | Bought 2 scrolls of noise for 26 gold pieces
 10947 | D:11     | Bought 3 scrolls of teleportation for 117 gold pieces
 11143 | D:11     | Reached skill level 6 in Shields
 11735 | D:11     | Found a staircase to the Orcish Mines.
 11780 | D:11     | Reached skill level 12 in Invocations
 11851 | D:11     | Noticed a two-headed ogre
 11868 | D:11     | Killed a two-headed ogre
 11962 | D:12     | Acquired a manual of Dodging
 12366 | D:12     | Found an iron altar of Okawaru.
 12625 | D:13     | Noticed a vault guard
 12637 | D:13     | Killed a vault guard
 12644 | D:13     | Noticed a vault guard
 12669 | D:13     | Killed a vault guard
 12876 | D:13     | Noticed a vault guard
 12894 | D:13     | Killed a vault guard
 12923 | D:13     | Noticed a vault guard
 12944 | D:13     | Killed a vault guard
 13054 | D:13     | Found a gate to the Vaults.
 13087 | D:13     | Noticed a vault guard
 13133 | D:13     | Killed a vault guard
 13134 | D:13     | Reached XP level 13. HP: 102/114 MP: 22/22
 13563 | D:14     | Reached ****** piety under Zin
 13702 | D:14     | Reached skill level 13 in Invocations
 13847 | D:14     | Found Ryjyst's General Store.
 13976 | D:14     | Bought a scroll of identify for 38 gold pieces
 13976 | D:14     | Bought a scroll of identify for 38 gold pieces
 14164 | D:14     | Found a roughly hewn altar of Beogh.
 14462 | D:15     | Entered Level 15 of the Dungeon
 14544 | D:15     | Noticed Nessos
 14559 | D:15     | Killed Nessos
 15102 | D:15     | Found a staircase to the Depths.
 15197 | D:15     | Reached skill level 14 in Invocations
 15572 | D:15     | Reached XP level 14. HP: 124/124 MP: 24/24
 15696 | D:15     | Reached skill level 6 in Dodging
 16048 | Lair:1   | Entered Level 1 of the Lair of Beasts
 17460 | Lair:2   | Reached skill level 15 in Invocations
 17507 | Lair:2   | Reached skill level 18 in Axes
 17514 | Lair:2   | Reached skill level 12 in Fighting
 17651 | Lair:2   | Noticed Sonja
 17665 | Lair:2   | Killed Sonja
 17774 | Lair:2   | Identified the +2 ring mail "Luiggetet" {Str+5}
 18024 | Lair:2   | Found a staircase to the Shoals.
 18109 | Lair:2   | Reached skill level 9 in Shields
 18371 | Lair:3   | Reached skill level 16 in Invocations
 18440 | Lair:3   | Reached skill level 12 in Armour
 18734 | Lair:3   | Found a hole to the Spider Nest.
 19423 | Lair:4   | Reached XP level 15. HP: 129/132 MP: 27/27
 19572 | Lair:4   | Reached skill level 17 in Invocations
 19660 | Lair:4   | Noticed Snorg
 19675 | Lair:4   | Killed Snorg
 20468 | Lair:5   | Entered Level 5 of the Lair of Beasts
 20568 | Lair:4   | Reached skill level 18 in Invocations
 21144 | Lair:5   | Found a viscous altar of Jiyva.
 21150 | Lair:5   | Found a staircase to the Slime Pits.
 22053 | Lair:5   | Identified the +5 pair of gloves "Jotaclaq" {rN+ Regen+
                  | Dex+4 Stlth-}
 22387 | Orc:1    | Entered Level 1 of the Orcish Mines
 22403 | D:11     | Reached skill level 9 in Dodging
 23135 | Orc:2    | Entered Level 2 of the Orcish Mines
 23412 | Orc:2    | Found a staircase to the Elven Halls.
 23539 | Orc:2    | Reached XP level 16. HP: 139/139 MP: 29/29
 23543 | Orc:2    | Found a radiant altar of Vehumet.
 23594 | Orc:2    | Found Qinarrin's Jewellery Shoppe.
 23622 | Orc:2    | Found a roughly hewn altar of Beogh.
 23622 | Orc:2    | Found Weuf's Antique Armour Shoppe.
 23629 | Orc:2    | Found Tulua's Magic Scroll Emporium.
 23642 | Orc:2    | Found an ancient bone altar of Kikubaaqudgha.
 23652 | Orc:2    | Bought the amulet of Miecea {Reflect rF+ Str+2 Dex+2 SH+5
                  | SInv} for 792 gold pieces
 23722 | Orc:2    | Found Ricasad's Antique Weapon Emporium.
 23751 | Orc:2    | Bought a pair of glowing boots for 135 gold pieces
 24014 | Orc:2    | Bought a scroll of enchant weapon for 112 gold pieces
 24014 | Orc:2    | Bought a scroll of enchant weapon for 112 gold pieces
 24030 | Orc:2    | Bought a runed plate armour for 468 gold pieces
 24030 | Orc:2    | Bought a heavily runed scale mail for 162 gold pieces
 24030 | Orc:2    | Identified the +5 scale mail "Ucepurr" {Will+} (You bought
                  | it in a shop on level 2 of the Orcish Mines)
 24206 | Shoals:1 | Entered Level 1 of the Shoals
 24734 | Shoals:1 | Found Waxam's Weapon Shop.
 25066 | Shoals:1 | Reached skill level 12 in Dodging
 25134 | Shoals:2 | Reached skill level 1 in Evocations
 25644 | Shoals:2 | Found the +5 scythe "Finisher" {speed, execute}
 25682 | Shoals:2 | Reached skill level 3 in Evocations
 25944 | Shoals:3 | Found Moatun's Antique Weapon Shoppe.
 26299 | Shoals:3 | Noticed a kraken
 26391 | Shoals:3 | Killed a kraken
 26438 | Shoals:3 | Found a runed translucent door.
 26441 | Shoals:3 | Found a corrupted altar of Lugonu.
 26891 | Shoals:3 | Found a one-way gate to the infinite horrors of the Abyss.
 26918 | Shoals:4 | Entered Level 4 of the Shoals
 27142 | Shoals:4 | Identified the +5 scale mail "Dunk" {Str-2 Int+5 Stlth+}
 27148 | Shoals:4 | Noticed a kraken
 27208 | Shoals:4 | Paralysed by a formless jellyfish for 1 turns
 27213 | Shoals:4 | Paralysed by a formless jellyfish for 1 turns
 27415 | Shoals:3 | Reached XP level 17. HP: 114/148 MP: 30/30
 27710 | Shoals:3 | Reached skill level 19 in Invocations
 27787 | Shoals:3 | Reached skill level 15 in Armour
 28057 | Shoals:4 | Noticed a kraken
 28062 | Shoals:4 | Paralysed by a formless jellyfish for 1 turns
 28062 | Shoals:4 | Slain by a tentacle

Illustrated notes

Levels and vault maps discovered:
D:1:      lemuel_arrival_broad_hall, layout_basic,
          ebering_ecumenical_altar_sacrificial
D:2:      layout_loops_ring, basic_altar
D:3:      layout_basic, vehumet_statue, uniq_grinder, uniq_pargi
D:4:      layout_basic, uniq_eustachio
D:5:      layout_loops_ring, mainiacjoe_overflow_six_doors_small,
          nicolae_gozag_conspicuous_consumption, minmay_temple_entry_junction,
          nicolae_figureground_sparkle
D:6:      layout_basic, chequers_jeans, nicolae_custom_books
D:7:      layout_basic, gammafunk_temple_overflow_wave,
          overflow_temple_1_default, grunt_temple_overflow_open
D:8:      layout_loops_cross, mainiacjoe_overflow_24_doors,
          nicolae_overflow_hidden_temple, minmay_fire_ice_demons
D:9:      gammafunk_wand_slinger, layout_gridville,
          grunt_lair_entry_orc_guard_hut, special_room [special_room_bee],
          minmay_liquid_box, hellmonk_guarded_unrand_gong
D:10:     layout_gridville
D:11:     layout_basic, orc_0_dummy, serial_shops, shop
D:12:     layout_long_grid, okawaru_trees_1
D:13:     layout_roguey, erik_vaults_2
D:14:     layout_irregular_city, serial_shops, shop,
          minmay_large_rounded_square, david_defended_altar_orc
D:15:     hellmonk_depths_entry_around_the_bend, layout_basic,
          hangedman_decor_push, uniq_nessos
Lair:1:   layout_chaotic_city, minmay_shattered_shrine, grunt_megastairs_5
Lair:2:   layout_roguey, elwin_shoals_entry_stream, roderic_carrion_pond,
          grunt_megastairs_1, uniq_sonja
Lair:3:   layout_chaotic_city, nicolae_spider_entry_non_spiders
Lair:4:   layout_cave_pods, nicolae_lair_lakeside_cave, uniq_snorg
Lair:5:   due_jungle_book, layout_long_grid, minmay_slime_entry_oklob_enclosed,
          minmay_lair_oklob_items
Shoals:1: layout_shoals, serial_shops, shop
Shoals:2: layout_shoals, nicolae_shoals_shepherds
Shoals:3: layout_shoals, serial_shops, shop, nicolae_shoals_abyss_on_the_beach
Shoals:4: shoals_end_hellmonk_holy_island
Orc:1:    layout_caves
Orc:2:    kennysheep_orc_mage_school, layout_caves

Skill      XL: |  1  2  3  4  5  6  7  8  9 10 11 12 13 14 15 16 17 |
---------------+----------------------------------------------------+-----
Axes           | 3 4 5 7 9 11 14 15 16 17 18 | 18.0
Invocations    | 1 2 3 4 5 6 8 10 12 14 16 18 19 | 19.0
Armour         | 4 5 6 8 9 10 12 14 15 | 15.0
Fighting       | 4 5 6 8 9 10 11 12 13 | 13.2
Dodging        | 2 4 5 6 10 12 | 12.0
Shields        | 5 6 7 9 10 11 | 11.4
Evocations     | 4 5 |  5.6

Action                     |  1- 3 |  4- 6 |  7- 9 | 10-12 | 13-15 | 16-18 || total
---------------------------+-------+-------+-------+-------+-------+-------++-------
  Melee: War axe           |    91 |   120 |   370 |       |       |       ||   581
         Broad axe         |       |       |    24 |   688 |  1276 |   612 ||  2600
  Throw: Dart              |       |       |     2 |       |       |       ||     2
         Boomerang         |       |       |       |       |     7 |       ||     7
 Invoke: Recite            |     1 |     6 |    12 |    17 |    28 |    22 ||    86
         Vitalisation      |       |     2 |       |     4 |     1 |     1 ||     8
         Sanctuary         |       |       |       |     1 |     1 |     3 ||     5
  Evoke: Wand              |       |       |       |     4 |     2 |       ||     6
    Use: Scroll            |       |     6 |    10 |     7 |    16 |     6 ||    45
         Potion            |       |     2 |       |     3 |     3 |     2 ||    10
   Stab: Confused          |       |       |     3 |     1 |    13 |    28 ||    45
         Paralysed         |       |       |     3 |     3 |    34 |     7 ||    47
         Invisible         |       |       |       |     3 |     8 |       ||    11
 Armour: Scale mail        |    75 |   102 |       |       |       |   373 ||   550
         Plate armour      |       |    15 |   120 |       |       |       ||   135
         Chain mail        |       |       |   144 |   341 |   416 |     8 ||   909
  Dodge: Dodged            |    43 |    70 |   232 |   364 |   176 |   160 ||  1045
  Block: Buckler           |    16 |    36 |    88 |    87 |       |       ||   227
         Kite shield       |       |       |       |   525 |  1377 |  1080 ||  2982
         Reflection        |       |       |       |       |       |    97 ||    97

Table legend: (Time is in decaauts)
 A = Elapsed time spent in this place.
 B = Non-inter-level travel time spent in this place.
 C = Inter-level travel time spent in this place.
 D = Time resting spent in this place.
 E = Time spent auto-exploring this place.
 F = Levels seen in this place.
 G = Mean time per level.
                   A        B        C        D        E       F      G
               +--------+--------+--------+--------+--------+-----+--------+
         Total |  28023 |  26329 |   1694 |   5284 |  14185 |  26 | 1077.8 |
       Dungeon |  16944 |  15956 |    988 |   3159 |   8933 |  15 | 1129.6 |
          Lair |   5745 |   5413 |    332 |    943 |   3147 |   5 | 1149.0 |
        Shoals |   3965 |   3693 |    272 |   1090 |   1370 |   4 |  991.2 |
  Orcish Mines |   1367 |   1266 |    101 |     92 |    734 |   2 |  683.5 |
               +--------+--------+--------+--------+--------+-----+--------+

Top non-repeatable levels by time:
     D:9: 1907 daAuts
Shoals:3: 1906 daAuts
    D:13: 1552 daAuts
     D:8: 1551 daAuts
  Lair:4: 1501 daAuts
    D:15: 1439 daAuts
  Lair:5: 1408 daAuts
    D:14: 1168 daAuts
  Lair:2: 1151 daAuts
Shoals:1: 1123 daAuts
     D:3: 1114 daAuts
     D:4: 1073 daAuts
    D:10: 1056 daAuts
    D:12: 998 daAuts
     D:7: 971 daAuts
